[ AOE2 MATCH · #506724072 ]
UnrankedVikings vs Chinese
Player's team · WIN
Rival team · LOSS
[ REPLAY ANALYSIS · EXTRACTED FROM THE RECORDED GAME ]
Feudal
—
Castle
—
Imperial
—
| APM avg | 64.8 |
| APM peak | 100 |
| eAPM avg | 26.8 |
| Villagers / military | 13 / 0 |
Focus
⚔️ 28.6% · 🌾 71.4%
Feudal
—
Castle
—
Imperial
—
| APM avg | 76.3 |
| APM peak | 107 |
| eAPM avg | 16.7 |
| Villagers / military | 12 / 0 |
Focus
⚔️ 32.7% · 🌾 67.3%
Match map
Initial resources + every placement click. Lines = walls · curves = elevation contours. ◆ gold · ⬟ stone · ● berries · ✦ relic · ◌ wall gap
Your base
Gkings's base
Smoothed initial terrain · ◌ = detected wall gap · hover for details
Inputs per minute
— [CL]LaCumbiaSuave - - Gkings
Build order — [CL]LaCumbiaSuave
18 actions detected in the replay
| 0:01 | Queue | Villager (Male) |
| 0:01 | Queue | Villager (Male) |
| 0:02 | Queue | Villager (Male) |
| 0:02 | Queue | Villager (Male) |
| 0:03 | Build | House |
| 0:17 | Research | Loom |
| 0:21 | Queue | Villager (Male) |
| 0:21 | Queue | Villager (Male) |
| 0:42 | Queue | Villager (Male) |
| 1:37 | Build | Palisade Gate |
| 1:38 | Build | House |
| 3:07 | Queue | Villager (Male) |
| 3:07 | Queue | Villager (Male) |
| 4:03 | Queue | Villager (Male) |
| 4:34 | Queue | Villager (Male) |
| 5:17 | Queue | Villager (Male) |
| 5:17 | Queue | Villager (Male) |
| 5:20 | Build | Lumber Camp |
Build order — Gkings
24 actions detected in the replay
| 0:00 | Research | Loom |
| 1:17 | Queue | Villager (Male) |
| 2:00 | Queue | Villager (Male) |
| 2:52 | Queue | Villager (Male) |
| 2:52 | Queue | Villager (Male) |
| 3:28 | Queue | Villager (Male) |
| 3:37 | Queue | Villager (Male) |
| 4:25 | Queue | Villager (Male) |
| 4:40 | Build | Palisade Wall |
| 4:43 | Build | Palisade Wall |
| 4:46 | Build | Palisade Wall |
| 4:48 | Build | Palisade Wall |
| 4:52 | Queue | Villager (Male) |
| 4:52 | Queue | Villager (Male) |
| 5:00 | Build | House |
| 5:09 | Build | Palisade Wall |
| 5:10 | Build | Palisade Wall |
| 5:13 | Build | Palisade Wall |
| 5:36 | Build | Palisade Wall |
| 5:44 | Build | Palisade Wall |
| 5:48 | Build | Palisade Wall |
| 5:49 | Queue | Villager (Male) |
| 5:49 | Queue | Villager (Male) |
| 5:49 | Queue | Villager (Male) |
Match timeline
| 4:40 | Gkings · wall_segment Palisade Wall x1 |
| 4:43 | Gkings · wall_segment Palisade Wall x1 |
| 4:46 | Gkings · wall_segment Palisade Wall x1 |
| 4:48 | Gkings · wall_segment Palisade Wall x1 |
| 5:09 | Gkings · wall_segment Palisade Wall x1 |
| 5:10 | Gkings · wall_segment Palisade Wall x1 |
| 5:13 | Gkings · wall_segment Palisade Wall x1 |
| 5:36 | Gkings · wall_segment Palisade Wall x1 |
| 5:44 | Gkings · wall_segment Palisade Wall x1 |
| 5:48 | Gkings · wall_segment Palisade Wall x1 |
| 5:58 | Gkings · resign |
[ AI ANALYSIS · 1 CREDIT ]
What really happened in this match?
Wolo.gg analyzes every decision: build order, eco, micro, common mistakes by bracket. Personalized analysis on WhatsApp or Discord in 30 seconds.
Civ guide
Vikings
Perfil
Jugador #3775792